 Dungeon Crawl Stone Soup version 0.27-a0-869-g165b36e3f0 (webtiles) character file.

Game seed: 1134375554204738345

131 spiderkeys the Sneak (level 5, -4/36 HPs)
             Began as a Vine Stalker Enchanter on Apr 3, 2021.
             Slain by a gnoll
             ... wielding a +5 whip
              (7 damage)
             ... on level 4 of the Dungeon.
             The game lasted 00:07:22 (2893 turns).

spiderkeys the Sneak (Vine Stalker Enchanter)       Turns: 2893, Time: 00:07:22

Health: -4/36      AC: 22    Str: 10    XL:     5   Next: 14%
Magic:  0/10       EV:  2    Int: 15    God:
Gold:   157        SH:  0    Dex: 16    Spells: 9/10 levels left

rFire    . . .     SeeInvis .     - Unarmed
rCold    . . .     Faith    .   (no shield)
rNeg     + + +     Spirit   +   (armour currently unavailable)
rPois    +         Reflect  .   (helmet currently unavailable)
rElec    .         Harm     .   (cloak currently unavailable)
rCorr    .         Rampage  .   (gloves currently unavailable)
Will     +....     NoTele   +   (boots currently unavailable)
Stlth    +++.......             (no amulet)
HPRegen  1.12/turn              l - ring of willpower
MPRegen  0.12/turn              (no ring)

@: tree-form
A: stationary, stasis, torment immunity, boosted hp, (fangs 2), regeneration 1,
magic shield, (antimagic bite), no potion heal 2
a: no special abilities


You were on level 4 of the Dungeon.
You were a tree.
You visited 1 branch of the dungeon, and saw 4 of its levels.

You collected 157 gold pieces.

Inventory:

Hand Weapons
 a - a +1 dagger
Missiles
 g - 5 datura-tipped darts
Armour
 b - a +1 helmet (melded)
 j - a +0 cloak (melded)
 p - a +0 leather armour (melded)
Jewellery
 l - a ring of willpower (left branch)
Wands
 k - a wand of flame (8)
Scrolls
 d - 5 scrolls of vulnerability {unknown}
 f - a scroll of fog {unknown}
 i - 2 scrolls of identify {unknown}
 m - a scroll of amnesia {unknown}
 o - a scroll of magic mapping {unknown}
Potions
 e - a potion of curing {unknown}
 h - a potion of brilliance {unknown}
 n - a potion of ambrosia {unknown}


   Skills:
 - Level 0.8 Short Blades
 + Level 2.3 Dodging
 + Level 4.6 Stealth
 + Level 1.8 Unarmed Combat
 + Level 3.0 Spellcasting
 + Level 3.6 Hexes


You had 9 spell levels left.
You knew the following spells:

 Your Spells              Type           Power      Damage    Failure   Level
a - Corona                Hex            14%        N/A       4%          1

Your spell library contained the following spells:

 Spells                   Type           Power      Damage    Failure   Level
 Confusing Touch          Hex            13%        N/A       13%         3
 Tukima's Dance           Hex            13%        N/A       13%         3
 Ensorcelled Hibernation  Hex/Ice        14%        N/A       14%         2
 Dazzling Flash           Conj/Hex       14%        N/A       28%         3


Dungeon Overview and Level Annotations

Branches:
Dungeon (4/15)
 Temple: D:4-7

Altars:
Qazlal


Innate Abilities, Weirdness & Mutations

You are a tree.
Your roots penetrate the ground, keeping you stationary.
You cannot be teleported.
You are immune to unholy pain and torment.
Your maximum health is greatly increased.
Your equipment is partially melded.
((You have extremely sharp teeth.))
Your natural rate of healing is unusually fast.
When hurt, damage is shared between your health and your magic reserves.
((Your bite disrupts and absorbs the magic of your enemies.))
Potions cannot restore your health.


Message History

The ball python constricts you.
The ball python's grasp on you weakens, but your attempt to escape fails.
The ball python barely misses you. The ball python constricts you.
The ball python bites you but does no damage.
The ball python constricts you.
You escape the ball python's grasp.
Found a stone staircase leading down.
Found a stone staircase leading down.
The ball python bites you. The ball python grabs you.
The ball python constricts you.
The ball python's grasp on you weakens, but your attempt to escape fails.
The ball python bites you but does no damage.
The ball python constricts you.
You escape the ball python's grasp.
Found a ring mail.
The ball python bites you. The ball python barely misses you.
The gnoll completely misses you. The gnoll completely misses you.
The ball python closely misses you. x2
The ball python closely misses you. The ball python grabs you.
The ball python constricts you.
You escape the ball python's grasp.
You hit the gnoll. Your bite misses the gnoll.
The gnoll is lightly wounded.
The gnoll hits you with a +5 whip!
You closely miss the gnoll.
The gnoll is lightly wounded.
The gnoll hits you from afar with a +5 spear!
The gnoll hits you with a +5 whip.
You barely miss the gnoll. Your bite misses the gnoll.
The gnoll hits you from afar with a +5 spear!
* * * LOW HITPOINT WARNING * * *
The gnoll hits you with a +5 whip.
* * * LOW HITPOINT WARNING * * *
Okay, then.
It was a potion of lignification.
You turn into a tree.
Your +0 cloak melds into your body.
Your +1 helmet melds into your body.
Your +0 leather armour melds into your body.
Your roots penetrate the ground.
The gnoll hits you but does no damage. The gnoll hits you with a +5 whip!
You die...

#.......## ..#
#.....#...##..#
#.....#....#..#
##..###......#
### #.......#
##.....[##
#....gSg.#
##..##g###
##.##♣# ## ###


You could see 3 gnolls and a ball python.

Vanquished Creatures
  A bullfrog zombie (D:3)
  Jessica (D:2)
  4 adders
  An orc (D:3)
  3 endoplasms
  3 giant cockroaches
  4 goblins
  5 hobgoblins
  A quokka (D:1)
  4 ball pythons
  4 bats
  4 frilled lizards
  3 kobolds
  3 rats
41 creatures vanquished.

Notes
Turn   | Place    | Note
-------+----------+-------------------------------------------
     0 | D:1      | spiderkeys the Vine Stalker Enchanter began the quest for
                  | the Orb.
     0 | D:1      | Reached XP level 1. HP: 9/9 MP: 4/4
   346 | D:1      | Reached XP level 2. HP: 6/13 MP: 3/6
  1243 | D:2      | Noticed Jessica
  1254 | D:2      | Killed Jessica
  1255 | D:2      | Reached skill level 4 in Stealth
  1255 | D:2      | Reached skill level 1 in Unarmed Combat
  1255 | D:2      | Reached XP level 3. HP: 6/16 MP: 2/7
  2148 | D:3      | Found a faded altar of an unknown god.
  2154 | D:3      | Gained mutation: Your natural rate of healing is unusually
                  | fast. [Vine Stalker growth]
  2154 | D:3      | Reached XP level 4. HP: 21/21 MP: 9/9
  2254 | D:3      | Found a stormy altar of Qazlal.
  2461 | D:3      | Reached XP level 5. HP: 23/24 MP: 8/10
  2892 | D:4      | HP: 1/24 [gnoll/+5 whip (4)]
  2893 | D:4      | Slain by a gnoll

Illustrated notes

Levels and vault maps discovered:
D:1:      psy_arrival_radial01, layout_loops_corners, minmay_misc_feat_tower
D:2:      layout_loops_ring, uniq_jessica
D:3:      layout_loops_ring, nicolae_qazlal_general_emergency,
          basic_ecumenical_altar
D:4:      layout_cave_pools

Skill      XL: |  1  2  3  4  5 |
---------------+----------------+-----
Dodging        | 2 |  2.3
Stealth        | 4 |  4.6
Unarmed Combat | 1 |  1.8
Spellcasting   | 3 |  3.0
Short Blades   | |  0.8
Hexes          | |  3.6

Action                   |  1- 3 |  4- 6 || total
-------------------------+-------+-------++-------
Melee: Dagger            |    50 |    58 ||   108
       Bite              |    11 |    18 ||    29
       Punch             |       |     2 ||     2
       Unarmed           |       |    17 ||    17
 Cast: Corona            |     4 |       ||     4
  Use: Potion            |       |     1 ||     1
 Stab: Sleeping          |     7 |     6 ||    13
Armor: Robe              |     5 |       ||     5
       Leather armour    |       |    16 ||    16
       Skin              |       |     1 ||     1
Dodge: Dodged            |    30 |    55 ||    85

Table legend: (Time is in decaauts)
 A = Elapsed time spent in this place.
 B = Non-inter-level travel time spent in this place.
 C = Inter-level travel time spent in this place.
 D = Time resting spent in this place.
 E = Time spent auto-exploring this place.
 F = Levels seen in this place.
 G = Mean time per level.
                   A        B        C        D        E       F      G
               +--------+--------+--------+--------+--------+-----+--------+
         Total |   2887 |   2759 |    128 |      0 |   2363 |   4 |  721.8 |
       Dungeon |   2887 |   2759 |    128 |      0 |   2363 |   4 |  721.8 |
               +--------+--------+--------+--------+--------+-----+--------+

Top non-repeatable levels by time:
     D:1: 1095 daAuts
     D:2: 1050 daAuts
     D:3: 698 daAuts
     D:4: 43 daAuts
